 Dungeon Crawl Stone Soup version 0.20.0 (webtiles) character file.

175 Llamajah the Shield-Bearer (level 5, -1/42 HPs)
             Began as a Formicid Fighter on July 13, 2017.
             Was an Initiate of Okawaru.
             Slain by Blork the orc
             ... wielding a +0 dire flail
              (3 damage)
             ... on level 5 of the Dungeon.
             The game lasted 00:05:19 (2682 turns).

Llamajah the Shield-Bearer (Formicid Fighter)       Turns: 2682, Time: 00:05:19

Health: -1/42      AC:  7    Str: 26    XL:     5   Next: 85%
Magic:  5/5        EV:  9    Int:  7    God:    Okawaru [......]
Gold:   155        SH: 10    Dex: 14    Spells: 4/4 levels left

rFire    . . .     SeeInvis +   a - +0 war axe
rCold    . . .     Gourm    .   c - +0 shield
rNeg     . . .     Faith    .   b - +0 scale mail
rPois    .         Spirit   .   (helmet unavailable)
rElec    .         Reflect  .   (no cloak)
rCorr    .         Harm     .   (no gloves)
MR       .....                  (no boots)
Stlth    +.........             (no amulet)
Regen    0.2/turn               i - ring of stealth
MPRegen  0.1/turn               n - +3 ring of dexterity

@: mighty
A: permanent stasis, dig shafts and tunnels, four strong arms, antennae 3
a: Dig, Shaft Self, Renounce Religion


You were on level 5 of the Dungeon.
You worshipped Okawaru.
Okawaru was noncommittal.
You were not hungry.

You visited 1 branch of the dungeon, and saw 5 of its levels.

You collected 155 gold pieces.

Inventory:

Hand Weapons
 a - a +0 war axe (weapon)
Armour
 b - a +0 scale mail (worn)
 c - a +0 shield (worn)
Jewellery
 i - a ring of stealth (left hand)
 n - a +3 ring of dexterity (right hand)
 u - an uncursed ring of poison resistance {unknown}
Scrolls
 e - a scroll of magic mapping {unknown}
 g - 2 scrolls of remove curse {unknown}
 h - a scroll of teleportation {unknown}
 k - 2 scrolls of identify {unknown}
 m - a scroll of amnesia {unknown}
 q - 2 scrolls of recharging {unknown}
 t - a scroll of enchant weapon {unknown}
 v - a scroll of fear {unknown}
Potions
 j - a potion of flight {unknown}
 o - a potion of heal wounds
 p - 3 potions of mutation {unknown}
 w - 2 potions of cancellation {unknown}
Comestibles
 f - 3 bread rations
 l - 4 fruits
 r - a meat ration
 s - 2 royal jellies


   Skills:
 + Level 4.1 Fighting
 + Level 2.6 Axes
 * Level 4.5 Armour
 * Level 1.9 Dodging
 + Level 4.5 Shields


You had 4 spell levels left.
You didn't know any spells.

Dungeon Overview and Level Annotations

Branches:
Dungeon (6/15)
 Temple: D:4-7

Altars:
Hepliaklqana
Okawaru
Trog

Annotations:
D:5 Blork the orc


Innate Abilities, Weirdness & Mutations

You cannot be hasted, slowed, berserked, paralysed or teleported.
You can dig through walls and to a lower floor.
Your four strong arms can wield two-handed weapons with a shield.
You have a pair of large antennae on your head. (SInv)


Message History

Blork the orc misses you.
You slash Blork the orc!
Blork the orc is heavily wounded.
You block Blork the orc's attack. x2
You closely miss Blork the orc.
Blork the orc is heavily wounded.
You block Blork the orc's attack. Blork the orc barely misses you.
You hit Blork the orc but do no damage.
Blork the orc is heavily wounded.
Blork the orc casts a spell at you. The puff of frost hits you!
* * * LOW HITPOINT WARNING * * *
Blork the orc grins evilly.
Blork the orc completely misses you.
You hit Blork the orc.
Blork the orc is heavily wounded.
Blork the orc hits you with a dire flail.
* * * LOW HITPOINT WARNING * * *
Blork the orc hits you with a dire flail.
You die...

##########.......######
.........'............#
######.##.......####.##
#.##.......# #..#
#.########## ##.#
#.####.# #.#
#......###### #.#
######..?...# #.#
#@.....# ##.. #o.....#
#... ........# ###...
........... +.....
...........#.. ###...
................######
#####.......#.........
#######.# ########
#.......


You could see Blork the orc.

Vanquished Creatures
  A bullfrog (D:5)
  Terence (D:2)
  Robin (D:2)
  2 adders
  4 worms
  A leopard gecko (D:2)
  6 bats
  A giant cockroach (D:1)
  A hobgoblin (D:2)
  3 jackals (D:1)
  3 kobolds
  2 quokkas (D:2)
  5 frilled lizards
  14 goblins
  5 rats
50 creatures vanquished.

Notes
Turn   | Place    | Note
-------+----------+-------------------------------------------
     0 | D:1      | Llamajah the Formicid Fighter began the quest for the Orb.
     0 | D:1      | Reached XP level 1. HP: 18/18 MP: 1/1
   116 | D:1      | Reached XP level 2. HP: 24/24 MP: 2/2
   794 | D:2      | Noticed Robin
   884 | D:2      | Noticed Terence
   903 | D:2      | Killed Terence
   903 | D:2      | Reached skill level 1 in Dodging
   903 | D:2      | Reached XP level 3. HP: 4/30 MP: 3/3
  1248 | D:1      | Reached XP level 4. HP: 7/37 MP: 4/4
  1525 | D:2      | Killed Robin
  1844 | D:2      | Noticed a moth of wrath
  1846 | D:2      | Found a bloodstained altar of Trog.
  1877 | D:2      | Reached XP level 5. HP: 28/42 MP: 5/5
  2358 | D:3      | Found an iron altar of Okawaru.
  2369 | D:3      | Became a worshipper of Warmaster Okawaru
  2511 | D:3      | You fall through a shaft for 3 floors!
  2514 | D:6      | Noticed a bullfrog
  2518 | D:5      | Entered Level 5 of the Dungeon
  2523 | D:5      | Killed a bullfrog
  2589 | D:5      | Found a hazy altar of Hepliaklqana.
  2670 | D:5      | Noticed Blork the orc
  2682 | D:5      | HP: 2/42 [Blork the orc/dire flail (6)]
  2682 | D:5      | Slain by Blork the orc

Skill      XL: |  1  2  3  4  5 |
---------------+----------------+-----
Dodging        | 1 |  1.9
Shields        | 4 |  4.5
Armour         | 4 |  4.5
Fighting       | 4 |  4.1
Axes           | |  2.6

Action                   |  1- 3 |  4- 6 || total
-------------------------+-------+-------++-------
Melee: War axe           |    90 |   112 ||   202
  Use: Potion            |       |     1 ||     1
  Eat: Chunk             |     1 |     5 ||     6
Armor: Scale mail        |    42 |    52 ||    94
Dodge: Dodged            |    34 |    46 ||    80
Block: Shield            |    63 |    62 ||   125
